 Dungeon Crawl Stone Soup version 0.30.0-29-ga12c61a403 (webtiles) character file.

Game seed: 4134488193502214349

6680 Graphine the Fortune-Teller (level 10, -5/80 HPs)
             Began as a Demonspawn Gladiator on June 24, 2023.
             Was a Believer of Nemelex Xobeh.
             Slain by a demonic crawler (7 damage)
             ... on level 1 of the Abyss.
             The game lasted 00:17:30 (7597 turns).

Graphine the Fortune-Teller (Demonspawn Gladiator)  Turns: 7597, Time: 00:17:31

Health: -5/80      AC: 10    Str: 15    XL:     10   Next: 73%
Magic:  0/17       EV: 14    Int: 13    God:    Nemelex Xobeh [**....]
Gold:   560        SH:  0    Dex: 15    Spells: 18/18 levels left

rFire   + . .        q - +0 lajatang
rCold   . . .        (shield currently unavailable)
rNeg    . . .        f - +3 leather armour
rPois   .            c - +2 helmet
rElec   .            (no cloak)
rCorr   .            (no gloves)
SInv    .            (no boots)
Will    .....        (no amulet)
Stlth   +            u - ring of protection from fire
HPRegen 0.33/turn    k - +4 ring of slaying
MPRegen 0.30/turn

%: guardian spirit
@: no status effects
A: powered by pain 1, magic shield, magic regeneration, sharp scales 1, weakness
stinger 1
a: Renounce Religion, Draw Escape, Draw Destruction, Draw Summoning


You were on level 1 of the Abyss.
You worshipped Nemelex Xobeh.
Nemelex Xobeh was pleased with you.
You visited 3 branches of the dungeon, and saw 10 of its levels.
You visited the Abyss 1 time.

You collected 573 gold pieces.
You spent 13 gold pieces at shops.

Inventory:

Hand Weapons
 a - a +0 flail of flaming
 e - a +5 dagger of protection
 j - a +2 dagger of venom
 n - a +3 dagger
 q - a +0 lajatang (weapon)
 E - a +1 flail of protection
Missiles
 d - 3 throwing nets (quivered)
 H - a javelin
 J - 3 atropa-tipped darts
Armour
 c - a +2 helmet (worn)
 f - a +3 leather armour (worn)
Jewellery
 b - a ring of positive energy
 k - a +4 ring of slaying (right hand)
 u - a ring of protection from fire (left hand)
 y - a ring of positive energy
Wands
 B - a wand of digging (1)
 I - a wand of charming (10)
 M - a wand of polymorph (1)
Scrolls
 l - a scroll of amnesia
 m - 3 scrolls of teleportation
 o - a scroll of enchant armour
 r - 3 scrolls of magic mapping
 w - a scroll of torment
 L - a scroll of identify
Potions
 g - 2 potions of lignification
 h - 4 potions of attraction
 i - a potion of curing
 p - 2 potions of haste
 t - 2 potions of degeneration
 v - 2 potions of invisibility {unknown}
 x - 2 potions of berserk rage {unknown}
 z - a potion of brilliance {unknown}
 A - a potion of resistance {unknown}
 C - a potion of mutation {unknown}
 D - 2 potions of heal wounds {unknown}
 F - a potion of flight {unknown}
 K - a potion of cancellation {unknown}


   Skills:
 * Level 8.2 Fighting
 - Level 3.0(5.3) Maces & Flails
 * Level 6.7(7.1) Staves
 - Level 1.7 Throwing
 + Level 4.7 Armour
 + Level 5.7 Dodging
 + Level 4.5 Spellcasting
 * Level 10.2 Invocations


You had 18 spell levels left.
You didn't know any spells.
Your spell library contained the following spells:

 Spells                   Type           Power      Damage    Failure   Level
 Magic Dart               Conj           8%         1d3       24%         1
 Call Imp                 Summ           4%         N/A       34%         2
 Hailstorm                Conj/Ice       2%         3d3       56%         3
 Mephitic Cloud           Conj/Pois/Air  2%         N/A       56%         3
 Tukima's Dance           Hex            2%         N/A       56%         3
 Ice Form                 Ice/Tmut       2%         N/A       93%         4
 Passage of Golubria      Tloc           2%         N/A       93%         4
 Yara's Violent Unravell  Hex/Tmut       1%         3d3       100%        5
 Simulacrum               Ice/Necr       1%         N/A       100%        6


Dungeon Overview and Level Annotations

Branches:
Dungeon (8/15)             Temple (1/1) D:7            Lair (1/5) D:8

Altars:
Cheibriados
Dithmenos
Fedhas
Gozag
Hepliaklqana
Makhleb
Nemelex Xobeh
Okawaru
Qazlal
Ru
Sif Muna
Vehumet
Wu Jian
Xom
Yredelemnul

Shops:
D:1 :   D:3 (   D:4 (*!(   D:7 (

Annotations:
Lair:1 Sonja


Innate Abilities, Weirdness & Mutations

You sometimes gain a little power by taking damage.
When hurt, damage is shared between your health and your magic reserves.
You regenerate magic rapidly.
You are partially covered in razor-sharp scales. (AC +1, Slay +1)
You have a small tail.


Message History

You slash the demonic crawler! You tail-slap the demonic crawler.
The demonic crawler is moderately wounded.
The demonic crawler closely misses you.
The demonic crawler hits you but does no damage.
The demonic crawler hits you!
Hit: q) +0 lajatang
Press: ? - help, Dir - move target, f/p - demonic crawler
Aim: a demonic crawler (moderately wounded, about 21% to evade your +0 lajatang)
You slash the demonic crawler!
The demonic crawler is heavily wounded.
The demonic crawler barely misses you.
The demonic crawler closely misses you. x2
The demonic crawler hits you! x2; You focus on the pain.
You feel your power returning. The demonic crawler hits you!
Hit: q) +0 lajatang
Press: ? - help, Dir - move target, f/p - demonic crawler
Aim: a demonic crawler (moderately wounded, about 21% to evade your +0 lajatang)
You slash the demonic crawler!
The demonic crawler is moderately wounded.
The demonic crawler hits you!
* * * LOW HITPOINT WARNING * * *
The demonic crawler closely misses you. The demonic crawler misses you.
Okay, then.
You draw a card...
You have drawn Velocity.
Nothing appears to happen.
The deck of cards glows with a rainbow of weird colours and disappears.
The demonic crawler hits you.
* * * LOW HITPOINT WARNING * * *
The demonic crawler barely misses you.
The demonic crawler hits you but does no damage.
You draw a card...
You have drawn Pain.
Press: ? - help, Shift-Dir - straight line, f/p - demonic crawler
Aim: a demonic crawler (lightly wounded)
The demonic crawler is unaffected.
The demonic crawler hits you!
* * * LOW HITPOINT WARNING * * *
The demonic crawler closely misses you. The demonic crawler hits you!
* * * LOW HITPOINT WARNING * * *
You focus on the pain.
You feel your power returning. The demonic crawler hits you!
You die...
Your body disappears without a glow.

#.#...._.
#........
.........
.........
##...... .
#..... ...
#...#.....
#.@......ยง
#..s......
...........
..#......##..
... ......#..
. #.
##......... .
#..........
.....#.....


You could see a demonic crawler.

Vanquished Creatures
  5 elephants (Lair:1)
  2 cane toads (Lair:1)
  A rime drake (D:8)
  Grinder (D:5)
  3 blink frogs (Lair:1)
  Sigmund (D:3)
  2 orc warriors (D:8)
  3 water moccasins (Lair:1)
  4 ice beasts
  A black bear (D:4)
  2 ogres
  2 centaurs
  2 wolves (D:8)
  2 phantoms
  4 kobold brigands
  Blork the orc (D:6)
  3 bullfrogs
  2 scorpions
  3 wights (D:7)
  3 howler monkeys (D:6)
  3 hounds
  A gnoll bouda (D:7)
  2 jellies
  2 orc priests
  2 sleepcaps
  9 orc wizards
  4 gnolls (D:7)
  9 adders
  A white imp (D:8)
  3 ufetubi
  2 worms
  3 dart slugs
  33 orcs
  5 bats
  7 endoplasms
  7 giant cockroaches
  7 goblins
  8 hobgoblins
  8 jackals
  5 quokkas
  6 ball pythons
  5 frilled lizards
  24 kobolds
  7 rats
210 creatures vanquished.

Vanquished Creatures (others)
  An orc wizard (D:8)
1 creature vanquished.

Grand Total: 211 creatures vanquished

Notes
Turn   | Place    | Note
-------+----------+-------------------------------------------
     0 | D:1      | Graphine the Demonspawn Gladiator began the quest for the
                  | Orb.
     0 | D:1      | Reached XP level 1. HP: 16/16 MP: 1/1
   108 | D:1      | Reached skill level 1 in Invocations
   108 | D:1      | Gained mutation: You regenerate magic rapidly. [demonic
                  | ancestry]
   108 | D:1      | Reached XP level 2. HP: 20/22 MP: 2/2
   251 | D:1      | Gained mutation: You are partially covered in razor-sharp
                  | scales. (AC +1, Slay +1) [demonic ancestry]
   251 | D:1      | Reached XP level 3. HP: 26/28 MP: 4/4
   410 | D:1      | Reached skill level 2 in Invocations
   424 | D:1      | Found Kuatoydi's Book Emporium.
   785 | D:2      | Gained mutation: When hurt, damage is shared between your
                  | health and your magic reserves. [demonic ancestry]
   785 | D:2      | Reached XP level 4. HP: 20/34 MP: 5/5
  1415 | D:3      | Identified the +0 ring mail of Imur Elo {SInv}
  1437 | D:3      | Found Woebrotse's Antique Weapon Shop.
  1496 | D:3      | Reached skill level 1 in Armour
  1512 | D:3      | Noticed Sigmund
  1528 | D:3      | Killed Sigmund
  1529 | D:3      | Reached skill level 1 in Staves
  1529 | D:3      | Reached skill level 3 in Invocations
  1529 | D:3      | Reached XP level 5. HP: 36/41 MP: 7/7
  2062 | D:4      | Reached XP level 6. HP: 44/47 MP: 8/8
  2082 | D:4      | Found Engo's Antique Weapon Shoppe.
  2110 | D:4      | Found Manuydeq's Distillery.
  2180 | D:4      | Reached skill level 1 in Spellcasting
  2180 | D:4      | Reached skill level 4 in Invocations
  2245 | D:4      | Found Pusyima's Antique Weapon Boutique.
  2310 | D:4      | Found Jijiuhab's General Store.
  2313 | D:4      | Bought a potion of degeneration for 13 gold pieces
  2634 | D:4      | Reached XP level 7. HP: 54/54 MP: 10/10
  2803 | D:5      | Entered Level 5 of the Dungeon
  2882 | D:5      | Noticed Grinder
  2897 | D:5      | Killed Grinder
  2898 | D:5      | Reached skill level 5 in Invocations
  3190 | D:5      | Reached skill level 5 in Fighting
  3190 | D:5      | Gained mutation: You have a small tail. [demonic ancestry]
  3190 | D:5      | Reached XP level 8. HP: 62/62 MP: 12/12
  3531 | D:6      | Reached skill level 6 in Invocations
  3873 | D:6      | Noticed Blork the orc
  3883 | D:6      | Killed Blork the orc
  4330 | D:7      | Found Irheh's Antique Weapon Shop.
  4362 | D:7      | Reached skill level 7 in Invocations
  4495 | D:7      | Reached XP level 9. HP: 65/69 MP: 12/14
  4856 | D:7      | Found a staircase to the Ecumenical Temple.
  4962 | Temple   | Entered the Ecumenical Temple
  5073 | Temple   | Became a worshipper of Nemelex Xobeh the Trickster
  5427 | D:8      | Noticed a rime drake
  5438 | D:8      | Reached skill level 5 in Staves
  5438 | D:8      | Reached skill level 8 in Invocations
  5465 | D:8      | Killed a rime drake
  5469 | D:8      | Reached skill level 5 in Dodging
  5498 | D:8      | HP: 1/72 [ice beast (6)]
  5761 | D:8      | Found a staircase to the Lair.
  6010 | D:8      | Reached * piety under Nemelex Xobeh
  6060 | D:8      | Received a gift from Nemelex Xobeh
  6317 | Lair:1   | Entered Level 1 of the Lair of Beasts
  6317 | Lair:1   | Noticed a cane toad
  6324 | Lair:1   | Killed a cane toad
  6440 | Lair:1   | Reached skill level 9 in Invocations
  6440 | Lair:1   | Gained mutation: You sometimes gain a little power by
                  | taking damage. [demonic ancestry]
  6440 | Lair:1   | Reached XP level 10. HP: 66/79 MP: 16/16
  6503 | Lair:1   | Noticed an elephant
  6504 | Lair:1   | Noticed an elephant
  6504 | Lair:1   | Noticed an elephant
  6504 | Lair:1   | Noticed an elephant
  6505 | Lair:1   | Noticed an elephant
  6513 | Lair:1   | Killed an elephant
  6522 | Lair:1   | Killed an elephant
  6532 | Lair:1   | Noticed a cane toad
  6793 | Lair:1   | Killed an elephant
  6828 | Lair:1   | Killed an elephant
  6829 | Lair:1   | Killed a cane toad
  6832 | Lair:1   | Killed an elephant
  7151 | Lair:1   | Noticed Sonja
  7359 | Lair:1   | Reached skill level 10 in Invocations
  7572 | Lair:1   | Reached ** piety under Nemelex Xobeh
  7574 | Abyss:1  | Found a corrupted altar of Lugonu.
  7574 | Abyss:1  | Cast into level 1 of the Abyss (Sonja)
  7585 | Abyss:1  | Noticed a demonic crawler
  7597 | Abyss:1  | HP: 2/80 [demonic crawler (10)]
  7597 | Abyss:1  | Slain by a demonic crawler

Illustrated notes

Levels and vault maps discovered:
D:1:      scummos_arrival_hexagon, layout_basic, serial_shops,
          nicolae_book_shop_shelving, minmay_misc_feat_five, minmay_pentomino_p2
D:2:      layout_basic
D:3:      layout_basic, serial_shops, nicolae_shop_dealshenge, uniq_sigmund
D:4:      layout_loops_ring, serial_shops, shop, nicolae_shop_real_fake_doors,
          nicolae_shop_tiny_real_fake_doors, nicolae_shop_statue_plus, hex_tiny,
          minmay_close_crescents
D:5:      layout_rooms, uniq_grinder
D:6:      minmay_flawed_box, layout_loops_ring, uniq_blork_the_orc
D:7:      layout_loops_ring, zin_treasury, temple_fountains, serial_shops, shop
D:8:      layout_cave_pools, hellmonk_lair_entry_icy
Temple:   kb_temple_of_zot
Lair:1:   layout_cave_shapes, uniq_sonja
Abyss:1:  base:
Temple

Skill      XL: |  1  2  3  4  5  6  7  8  9 10 |
---------------+-------------------------------+-----
Invocations    | 1 2 3 4 5 7 9 10 | 10.2
Maces & Flails | 3 |  3.0
Fighting       | 3 4 5 6 7 8 |  8.2
Dodging        | 3 4 5 |  5.7
Armour         | 1 2 3 4 |  4.7
Staves         | 1 2 3 4 5 6 |  6.7
Spellcasting   | 1 2 3 4 |  4.5
Throwing       | |  1.7

Action                     |  1- 3 |  4- 6 |  7- 9 | 10-12 || total
---------------------------+-------+-------+-------+-------++-------
  Melee: Flail             |   108 |    18 |       |       ||   126
         Punch             |     1 |     1 |       |       ||     2
         Lajatang          |       |    71 |   307 |    81 ||   459
         Tailslap          |       |       |    35 |    20 ||    55
  Throw: Throwing net      |       |     1 |       |       ||     1
         Javelin           |       |       |     1 |       ||     1
         Dart              |       |       |       |     5 ||     5
 Invoke: Draw Destruction  |       |       |       |     5 ||     5
         Draw Escape       |       |       |       |     4 ||     4
  Evoke: Wand              |       |       |     2 |       ||     2
    Use: Scroll            |     4 |     8 |     6 |     4 ||    22
         Potion            |       |       |     4 |     4 ||     8
 Armour: Leather armour    |    72 |    35 |   116 |    46 ||   269
         Skin              |       |       |    14 |       ||    14
  Dodge: Dodged            |   110 |    46 |   203 |    87 ||   446
